 Dungeon Crawl Stone Soup version 0.29.1-2-gbd0b4ee654 (webtiles) character file.

Game seed: 12452038969466401149

2 croobank the Sneak (level 1, 0/18 HPs)
             Began as a Demonspawn Delver on Nov 3, 2022.
             Killed from afar by an orc wizard (6 damage)
             ... with a puff of flame
             ... on level 5 of the Dungeon.
             The game lasted 00:00:35 (64 turns).

croobank the Sneak (Demonspawn Delver)                Turns: 64, Time: 00:00:36

Health: 0/18       AC:  3    Str: 12    XL:     1   Next: 25%
Magic:  1/1        EV: 11    Int: 11    God:
Gold:   0          SH:  0    Dex: 14    Spells: 0/0 levels left

rFire   . . .      SeeInvis .   a - +0 hand axe
rCold   . . .      Faith    .   (no shield)
rNeg    . . .      Spirit   .   b - +0 leather armour
rPois   .          Reflect  .   (no helmet)
rElec   .          Harm     .   (no cloak)
rCorr   .          Rampage  .   (no gloves)
Will    .....                   (no boots)
Stlth   ++........              (no amulet)
HPRegen 0.06/turn               (no ring)
MPRegen 0.07/turn               (no ring)

@: no status effects
A: no striking features
a: no special abilities


You were on level 5 of the Dungeon.
You visited 1 branch of the dungeon, and saw 2 of its levels.

Inventory:

Hand Weapons
 a - a +0 hand axe (weapon)
Armour
 b - a +0 leather armour (worn)
Jewellery
 d - a ring of positive energy
Wands
 g - a wand of digging (3)
Scrolls
 c - a scroll of fog
 e - a scroll of fear


   Skills:
 + Level 3.0 Fighting
 + Level 1.8 Axes
 + Level 1.8 Dodging
 + Level 4.5 Stealth


You couldn't memorise any spells.
You didn't know any spells.
Your spell library was empty.

Dungeon Overview and Level Annotations

Branches:
Dungeon (6/15)
 Temple: D:4-7

Altars:

Shops:
D:5 *


Message History

The orc wizard flickers and vanishes!
Deactivating autopickup; reactivate with Ctrl-A.
An orc comes into view. It is wielding a +0 short sword.
Found a stone staircase leading down and a stone staircase leading up.
The orc shouts!
An orc comes into view. It is wielding a +0 club.
Found a purple potion.
Found Dailojuari's General Store.
An orc comes into view. It is wielding a +0 mace.
Found 18 gold pieces and a pearl ring.
Found a stone staircase leading up.
An orc comes into view. It is wielding a +0 falchion.
An orc comes into view. It is wielding a +0 whip.
Found a smoking copper ring.
Found a ring mail.
Your extra speed is starting to run out.
You see here a ring of positive energy.
d - a ring of positive energy A jackal and an orc come into view.
An orc comes into view. It is wielding a +0 whip.
Found 5 boomerangs. 2 jackals and an orc come into view.
The orc shouts!
You feel yourself slow down.
An iguana comes into view.
An iguana comes into view.
Found a stone staircase leading up.
A jackal comes into view.
The jackal barks!
You slash the orc!
You kill the orc!
You hear a shout!
You hear some strange, mumbled words.
A puff of flame appears from out of thin air!
The puff of flame hits you!
Ouch! That really hurt!
The orc attacks as you move away! The orc hits you with a +0 flail.
Found a leather armour.
You hear some strange, mumbled words.
A puff of flame appears from out of thin air!
The puff of flame hits you.
You die...

,...# ###..### *#.,,,,,,,,,,,*
....#####..###*#..[#****,,,,,*
#......##....##..#.# *,,,,,,,*
#........∩......##.##*,*,,,,,*
#.........##..<.....,,,*,,,,,*
..#*####..##.#**#..****,,,,,,*
..###.##.....# #.#* *,,,,.,*
......#..#..## ##.####*,,...,*
....o......o# ##@.)..##.....,*
.#.#####....###o{oo......l..,*
................o.o...#.....,*
.o.......#...##.h.#####,...<,*
.......>.$...#.o.o# *,,,.l,*
o...........##h...# *,,,,,,*
..................##* *,,,,,,*
...........hoo......# ********
,,,.................#


You could see 9 orcs and 2 jackals.

Vanquished Creatures
  An orc (D:5)
1 creature vanquished.

Notes
Turn   | Place    | Note
-------+----------+-------------------------------------------
     0 | D:5      | croobank the Demonspawn Delver began the quest for the Orb.
     0 | D:5      | Reached XP level 1. HP: 18/18 MP: 1/1
    12 | D:5      | Noticed an orc wizard
    34 | D:5      | Found Dailojuari's General Store.
    57 | D:5      | Noticed an iguana
    59 | D:5      | Noticed an iguana
    64 | D:5      | Killed from afar by an orc wizard

Illustrated notes

Levels and vault maps discovered:
D:5:      layout_rooms, grunt_temple_overflow_order_and_chaos_2, serial_shops,
          nicolae_square_shop, kennysheep_opposing_triangles
D:6:      minmay_skewed_foursquare, layout_basic, serial_shops,
          nicolae_shop_crystal, uniq_maggie

Action                   || total
-------------------------++-------
Melee: Hand axe          ||     1
  Use: Scroll            ||     1
       Potion            ||     1
